TOP OF THE 1ST |
Elkins Sting Rays batting - Pitching for Fremont Cyclones : RHP José Alvarado
|
Pitching: RHP José Alvarado
|
|
Batting: RHB Marcos García
|
0-0: Ground out 4-3 (Groundball, 4)
|
Batting: RHB José Ramos
|
0-0: Foul Ball, location: 2F 0-1: Ground out 6-3 (Groundball, 6M)
|
Batting: RHB Wilfred Martin
|
0-0: Called Strike 0-1: Called Strike 0-2: Ball 1-2: Strikes out swinging
|
Top of the 1st over - 0 run(s), 0 hit(s), 0 error(s), 0 left on base; Elkins 0 - Fremont 0 |
BOTTOM OF THE 1ST |
Fremont Cyclones batting - Pitching for Elkins Sting Rays : RHP Lloyd Harmon
|
Pitching: RHP Lloyd Harmon
|
|
Batting: RHB Juan Estrada
|
0-0: SINGLE (Line Drive, 6)
|
Batting: LHB Ernesto Hernández
|
0-0: Called Strike 0-1: Called Strike 0-2: Ball 1-2: Foul Ball, location: 2F 1-2: Foul Ball, location: 2F 1-2: Strikes out looking
|
Batting: RHB Ronald Smith
|
0-0: Foul Ball, location: 2F 0-1: Swinging Strike 0-2: Ground out 6-3 (Groundball, 6S) Juan Estrada to second
|
Batting: RHB Jaime Delgado
|
0-0: Swinging Strike 0-1: Ground out 4-3 (Groundball, 4M)
|
Bottom of the 1st over - 0 run(s), 1 hit(s), 0 error(s), 1 left on base; Elkins 0 - Fremont 0 |
TOP OF THE 2ND |
Elkins Sting Rays batting - Pitching for Fremont Cyclones : RHP José Alvarado
|
Batting: LHB Brenton Carter
|
0-0: Ball 1-0: Called Strike 1-1: SINGLE (Line Drive, 4MD)
|
Batting: RHB Jesús Ruíz
|
0-0: Foul Ball, location: 2F 0-1: Foul Ball, location: 2F 0-2: Strikes out swinging
|
Batting: LHB Ángel Flores
|
0-0: SINGLE (Line Drive, 4D) Brenton Carter to second
|
Batting: SHB Hang-ki Yue
|
0-0: Fielders Choice at 2nd, 4-6 (Groundball, 34) Brenton Carter to third
|
Batting: RHB Jorge Paredes
|
0-0: Swinging Strike 0-1: Ball 1-1: Swinging Strike 1-2: Ball 2-2: Strikes out swinging
|
Top of the 2nd over - 0 run(s), 2 hit(s), 0 error(s), 2 left on base; Elkins 0 - Fremont 0 |
BOTTOM OF THE 2ND |
Fremont Cyclones batting - Pitching for Elkins Sting Rays : RHP Lloyd Harmon
|
Batting: RHB Pablo Pineda
|
0-0: Ball 1-0: Called Strike 1-1: Ball 2-1: SINGLE (Groundball, 6MD)
|
Batting: RHB Nelson Burton
|
0-0: Foul Ball, location: 2F 0-1: Ball 1-1: Called Strike 1-2: Foul Ball, location: 2F 1-2: Fly out, F4 (Popup, 4S)
|
Batting: LHB Mal Jiménez
|
0-0: Hit by Pitch Pablo Pineda to second
|
Batting: RHB Carlos Rosales
|
0-0: Fly out, F8 (Flyball, 8RM)
|
Batting: LHB Millard Adams
|
0-0: Called Strike 0-1: Ball Passed Ball! Pablo Pineda to third Mal Jiménez to second 1-1: Ball 2-1: Ball 3-1: Base on Balls
|
Batting: RHB Juan Estrada
|
0-0: Ball 1-0: Swinging Strike Passed Ball! Pablo Pineda scores Mal Jiménez to third Millard Adams to second 1-1: Foul Ball, location: 2F 1-2: Fly out, F5 (Popup, 5F)
|
Bottom of the 2nd over - 1 run(s), 1 hit(s), 0 error(s), 2 left on base; Elkins 0 - Fremont 1 |
TOP OF THE 3RD |
Elkins Sting Rays batting - Pitching for Fremont Cyclones : RHP José Alvarado
|
Batting: RHB Alfonso Sánchez
|
0-0: Called Strike 0-1: Swinging Strike 0-2: Ball 1-2: Strikes out swinging
|
Batting: RHB Marcos García
|
0-0: Ball 1-0: Ball 2-0: Called Strike 2-1: SINGLE (Line Drive, 7S)
|
Batting: RHB José Ramos
|
0-0: Ball 1-0: Grounds into double play, U6-3 (Groundball, 6M)
|
Top of the 3rd over - 0 run(s), 1 hit(s), 0 error(s), 0 left on base; Elkins 0 - Fremont 1 |
BOTTOM OF THE 3RD |
Fremont Cyclones batting - Pitching for Elkins Sting Rays : RHP Lloyd Harmon
|
Batting: LHB Ernesto Hernández
|
0-0: Ground out 5-3 (Groundball, 56S)
|
Batting: RHB Ronald Smith
|
0-0: Called Strike 0-1: Ball 1-1: Ball 2-1: Swinging Strike 2-2: Strikes out looking
|
Batting: RHB Jaime Delgado
|
0-0: Called Strike 0-1: Called Strike 0-2: Strikes out looking
|
Bottom of the 3rd over - 0 run(s), 0 hit(s), 0 error(s), 0 left on base; Elkins 0 - Fremont 1 |
TOP OF THE 4TH |
Elkins Sting Rays batting - Pitching for Fremont Cyclones : RHP José Alvarado
|
Batting: RHB Wilfred Martin
|
0-0: Swinging Strike 0-1: Foul Ball, location: 2F 0-2: Ball 1-2: Foul Ball, location: 2F 1-2: Ball 2-2: Foul Ball, location: 2F 2-2: Ball 3-2: Ground out 5-3 (Groundball, 56S)
|
Batting: LHB Brenton Carter
|
0-0: Swinging Strike 0-1: Called Strike 0-2: Ball 1-2: Strikes out looking
|
Batting: RHB Jesús Ruíz
|
0-0: Ball 1-0: Swinging Strike 1-1: Ground out 1-3 (Groundball, 15S)
|
Top of the 4th over - 0 run(s), 0 hit(s), 0 error(s), 0 left on base; Elkins 0 - Fremont 1 |
BOTTOM OF THE 4TH |
Fremont Cyclones batting - Pitching for Elkins Sting Rays : RHP Lloyd Harmon
|
Batting: RHB Pablo Pineda
|
0-0: Ball 1-0: SINGLE (Line Drive, 4M)
|
Batting: RHB Nelson Burton
|
0-0: Ball 1-0: Ball 2-0: Foul Ball, location: 2F 2-1: Ball 3-1: Base on Balls Pablo Pineda to second
|
Batting: LHB Mal Jiménez
|
0-0: Ball 1-0: Ball 2-0: Ball 3-0: Called Strike 3-1: Base on Balls Pablo Pineda to third Nelson Burton to second
|
Batting: RHB Carlos Rosales
|
0-0: Ground out 5-3 (Groundball, 5S) Pablo Pineda scores Nelson Burton to third Mal Jiménez to second
|
Batting: LHB Millard Adams
|
0-0: Ball 1-0: Fly out, F7 (Flyball, 78M) Runner from 3rd tags up, SCORES, throw made
|
Batting: RHB Juan Estrada
|
0-0: Ball 1-0: Hit by Pitch
|
Batting: LHB Ernesto Hernández
|
0-0: Swinging Strike 0-1: Ball 1-1: Foul Ball, location: 2F 1-2: Foul Ball, location: 2F 1-2: Strikes out swinging
|
Bottom of the 4th over - 2 run(s), 1 hit(s), 0 error(s), 2 left on base; Elkins 0 - Fremont 3 |
TOP OF THE 5TH |
Elkins Sting Rays batting - Pitching for Fremont Cyclones : RHP José Alvarado
|
Batting: LHB Ángel Flores
|
0-0: Called Strike 0-1: Ground out 6-3 (Groundball, 6)
|
Batting: SHB Hang-ki Yue
|
0-0: Called Strike 0-1: Ball 1-1: Ball 2-1: Ball 3-1: Called Strike 3-2: Strikes out swinging
|
Batting: RHB Jorge Paredes
|
0-0: Ball 1-0: Ball 2-0: Fly out, F7 (Flyball, 78M)
|
Top of the 5th over - 0 run(s), 0 hit(s), 0 error(s), 0 left on base; Elkins 0 - Fremont 3 |
BOTTOM OF THE 5TH |
Fremont Cyclones batting - Pitching for Elkins Sting Rays : RHP Lloyd Harmon
|
Batting: RHB Ronald Smith
|
0-0: Ball 1-0: Swinging Strike 1-1: Foul Ball, location: 2F 1-2: Foul Ball, location: 2F 1-2: Strikes out swinging
|
Batting: RHB Jaime Delgado
|
0-0: Called Strike 0-1: Foul Ball, location: 2F 0-2: Fly out, F8 (Flyball, 8LM)
|
Batting: RHB Pablo Pineda
|
0-0: Called Strike 0-1: Ball 1-1: DOUBLE (Line Drive, 3D)
|
Batting: RHB Nelson Burton
|
0-0: Ball 1-0: Called Strike 1-1: Ball 2-1: Ball 3-1: Swinging Strike 3-2: Base on Balls
|
Batting: LHB Mal Jiménez
|
0-0: Ball 1-0: Ball 2-0: Ball 3-0: Called Strike 3-1: SINGLE (Line Drive, 4D) Pablo Pineda to third Nelson Burton to second Runner from 3rd tries for Home, SAFE, no throw or cutoff
|
Batting: RHB Carlos Rosales
|
0-0: DOUBLE (Flyball, 89M) Nelson Burton scores Mal Jiménez to third
|
Batting: LHB Millard Adams
|
0-0: SINGLE (Flyball, 7LM) Mal Jiménez scores Carlos Rosales to third Runner from 3rd tries for Home, SAFE, no throw or cutoff
|
Batting: RHB Juan Estrada
|
0-0: SINGLE (Groundball, 56) (infield hit) Millard Adams to second
|
Batting: LHB Ernesto Hernández
|
0-0: Ball 1-0: Swinging Strike 1-1: Ball 2-1: Called Strike 2-2: Ground out 5-3 (Groundball, 15S)
|
Bottom of the 5th over - 4 run(s), 5 hit(s), 0 error(s), 2 left on base; Elkins 0 - Fremont 7 |
TOP OF THE 6TH |
Elkins Sting Rays batting - Pitching for Fremont Cyclones : RHP José Alvarado
|
Batting: RHB Alfonso Sánchez
|
0-0: Ball 1-0: Ball 2-0: Called Strike 2-1: Ball 3-1: Foul Ball, location: 2F 3-2: Foul Ball, location: 2F 3-2: Foul Ball, location: 2F 3-2: Base on Balls
|
Batting: RHB Marcos García
|
0-0: Swinging Strike 0-1: Foul Ball, location: 2F 0-2: Strikes out swinging
|
Batting: RHB José Ramos
|
0-0: Ball 1-0: Ball 2-0: Ball 3-0: Called Strike 3-1: Fly out, F4 (Popup, 4)
|
Batting: RHB Wilfred Martin
|
0-0: Ball 1-0: Swinging Strike 1-1: Ball 2-1: Ball 3-1: Foul Ball, location: 2F 3-2: Base on Balls Alfonso Sánchez to second
|
Batting: LHB Brenton Carter
|
0-0: Ball 1-0: Foul Ball, location: 2F 1-1: Ground out 4-3 (Groundball, 4)
|
Top of the 6th over - 0 run(s), 0 hit(s), 0 error(s), 2 left on base; Elkins 0 - Fremont 7 |
BOTTOM OF THE 6TH |
Fremont Cyclones batting - Pitching for Elkins Sting Rays : RHP Lloyd Harmon
|
Batting: RHB Ronald Smith
|
0-0: Called Strike 0-1: Ground out 4-3 (Groundball, 4M)
|
Batting: RHB Jaime Delgado
|
0-0: Ball 1-0: Fly out, F8 (Flyball, 8LM)
|
Batting: RHB Pablo Pineda
|
0-0: Ball 1-0: Called Strike 1-1: Called Strike 1-2: Ground out 1-3 (Groundball, 13)
|
Bottom of the 6th over - 0 run(s), 0 hit(s), 0 error(s), 0 left on base; Elkins 0 - Fremont 7 |
TOP OF THE 7TH |
Elkins Sting Rays batting - Pitching for Fremont Cyclones : RHP José Alvarado
|
Pitching: RHP Rick Díaz
|
|
Batting: RHB Jesús Ruíz
|
0-0: SINGLE (Line Drive, 89M)
|
Batting: LHB Ángel Flores
|
0-0: Ball 1-0: Ball 2-0: TRIPLE (Flyball, 7LM) Jesús Ruíz scores
|
Batting: SHB Hang-ki Yue
|
0-0: Called Strike 0-1: Fly out, F5 (Popup, 25)
|
Batting: RHB Jorge Paredes
|
0-0: Foul Ball, location: 2F 0-1: Fly out, F8 (Flyball, 89M) Runner from 3rd tags up, SCORES, no throw
|
Batting: RHB Alfonso Sánchez
|
0-0: Hit by Pitch
|
Batting: RHB Marcos García
|
0-0: Ball 1-0: Ball 2-0: Called Strike 2-1: Ground out U3 (Groundball, 3)
|
Top of the 7th over - 2 run(s), 2 hit(s), 0 error(s), 1 left on base; Elkins 2 - Fremont 7 |
BOTTOM OF THE 7TH |
Fremont Cyclones batting - Pitching for Elkins Sting Rays : RHP Lloyd Harmon
|
Batting: RHB Nelson Burton
|
0-0: Called Strike 0-1: Ground out 4-3 (Groundball, 4)
|
Batting: LHB Mal Jiménez
|
0-0: Called Strike 0-1: Ball 1-1: Called Strike 1-2: Ball 2-2: Foul Ball, location: 2F 2-2: Strikes out swinging
|
Batting: RHB Carlos Rosales
|
0-0: SINGLE (Groundball, 6MD)
|
Batting: LHB Millard Adams
|
0-0: Called Strike 0-1: SINGLE (Line Drive, 9S) Carlos Rosales to second
|
Batting: RHB Juan Estrada
|
0-0: Ball 1-0: Called Strike 1-1: Swinging Strike 1-2: Ball 2-2: Strikes out swinging
|
Bottom of the 7th over - 0 run(s), 2 hit(s), 0 error(s), 2 left on base; Elkins 2 - Fremont 7 |
TOP OF THE 8TH |
Elkins Sting Rays batting - Pitching for Fremont Cyclones : RHP Rick Díaz
|
Batting: RHB José Ramos
|
0-0: Called Strike 0-1: Ball 1-1: SINGLE (Line Drive, 6MD)
|
Batting: RHB Wilfred Martin
|
0-0: Ball 1-0: Foul Ball, location: 2F 1-1: Called Strike 1-2: Grounds into double play, U4-3 (Groundball, 4)
|
Batting: LHB Brenton Carter
|
0-0: Called Strike 0-1: DOUBLE (Flyball, 8LD)
|
Batting: RHB Jesús Ruíz
|
0-0: Called Strike 0-1: SINGLE (Line Drive, 8LS) Brenton Carter to third Runner from 3rd tries for Home, SAFE, no throw or cutoff
|
Pitching: RHP José Estrada
|
|
Batting: LHB Ángel Flores
|
0-0: Foul Ball, location: 2F 0-1: Ball 1-1: Called Strike 1-2: Foul Ball, location: 2F 1-2: Strikes out swinging
|
Top of the 8th over - 1 run(s), 3 hit(s), 0 error(s), 1 left on base; Elkins 3 - Fremont 7 |
BOTTOM OF THE 8TH |
Fremont Cyclones batting - Pitching for Elkins Sting Rays : RHP Lloyd Harmon
|
Batting: LHB Ernesto Hernández
|
0-0: Ball 1-0: Called Strike 1-1: SINGLE (Line Drive, 34)
|
Batting: RHB Ronald Smith
|
0-0: Ball Throwing error on steal attempt, E2 Ernesto Hernández to third 1-0: Intentional Walk
|
Batting: RHB Jaime Delgado
|
0-0: Foul Ball, location: 2F 0-1: Foul Ball, location: 2F 0-2: Grounds into double play, 4-6-3 (Groundball, 4) Ernesto Hernández scores
|
Pitching: RHP Cisco Caraballo
|
|
Batting: RHB Pablo Pineda
|
0-0: Ball 1-0: Ball 2-0: Ball 3-0: Swinging Strike 3-1: Swinging Strike 3-2: Strikes out swinging
|
Bottom of the 8th over - 1 run(s), 1 hit(s), 1 error(s), 0 left on base; Elkins 3 - Fremont 8 |
TOP OF THE 9TH |
Elkins Sting Rays batting - Pitching for Fremont Cyclones : RHP José Estrada
|
Batting: SHB Hang-ki Yue
|
0-0: Swinging Strike 0-1: Foul Ball, location: 2F 0-2: Foul Ball, location: 2F 0-2: Foul Ball, location: 2F 0-2: Strikes out swinging
|
Batting: RHB Jorge Paredes
|
0-0: Ground out 6-3 (Groundball, 6)
|
Batting: RHB Alfonso Sánchez
|
0-0: Ball 1-0: Ball 2-0: Foul Ball, location: 2F 2-1: Foul Ball, location: 2F 2-2: Foul Ball, location: 2F 2-2: Foul Ball, location: 2F 2-2: Strikes out looking
|
Top of the 9th over - 0 run(s), 0 hit(s), 0 error(s), 0 left on base; Elkins 3 - Fremont 8 |
|